 Dungeon Crawl Stone Soup version 0.31.0-32-g396128a36d (webtiles) character file.

Game seed: 16910635487641808956

21 Tovical the Trooper (level 2, 0/20 HPs)
             Began as a Gargoyle Fighter on Mar 9, 2024.
             Slain by an orc wizard
             ... wielding a +0 dagger
              (1 damage)
             ... on level 2 of the Dungeon.
             The game lasted 00:02:20 (599 turns).

Tovical the Trooper (Gargoyle Fighter)               Turns: 599, Time: 00:02:21

Health: 0/20       AC:  9    Str: 19    XL:     2   Next: 83%
Magic:  2/2        EV:  9    Int:  8    God:
Gold:   66         SH:  0    Dex:  9    Spells: 1/1 levels left

rFire   . . .        a - +0 flail
rCold   . . .        c - +0 buckler
rNeg    + . .        b - +0 scale mail
rPois   ∞            (no helmet)
rElec   +            (no cloak)
rCorr   .            (no gloves)
SInv    .            (no boots)
Will    .....        (no amulet) Stlth
                     (no ring)
HPRegen 0.23/turn    (no ring)
MPRegen 0.08/turn

%: no passive effects
@: confused
A: sickness immunity, AC +2, negative energy resistance 1, electricity
resistance, torment resistance 1, petrification resistance
a: no special abilities


You were on level 2 of the Dungeon.
You visited 1 branch of the dungeon, and saw 3 of its levels.

You collected 66 gold pieces.

Inventory:

Hand Weapons
 a - a +0 flail (weapon)
Armour
 b - a +0 scale mail (worn)
 c - a +0 buckler (worn)
Scrolls
 e - a scroll of identify
 f - a scroll of teleportation
 g - a scroll of torment {unknown}
Potions
 d - a potion of might


   Skills:
 + Level 3.9 Fighting
 + Level 2.6 Maces & Flails
 - Level 3.2 Armour
 - Level 3.2 Shields


You had one spell level left.
You didn't know any spells.
Your spell library was empty.

Dungeon Overview and Level Annotations

Branches:
Dungeon (3/15)

Altars:

Annotations:
D:3 Sigmund


Innate Abilities, Weirdness & Mutations

You are immune to sickness and miasma.
Your stone body is resilient. (AC +2)
You are immune to poison.
You resist negative energy. (rN+)
You are resistant to electric shocks. (rElec)
You are resistant to unholy torment.
You are immune to petrification.


Message History

You barely miss something.
You hear some strange, mumbled words.
A magic dart appears from out of thin air!
The magic dart hits you but does no damage.
Something hits you but does no damage.
You bump into the rock wall.
Something hits you but does no damage.
Found a scroll labelled LOEPEH LUUDI.
Something hits you but does no damage.
You completely miss something. Something hits you but does no damage.
You bump into the rock wall.
Something hits you but does no damage.
You barely miss something.
You hear some strange, mumbled words.
A magic dart appears from out of thin air!
The magic dart hits you!
* * * LOW HITPOINT WARNING * * *
You feel better. Something hits you but does no damage.
You miss something. Something hits you but does no damage.
You barely miss something.
You hear some strange, mumbled words.
Something tries to affect you, but you resist.
Something hits you.
You miss something. You block something's attack.
You hit something but do no damage.
Something hits you but does no damage. x2
You barely miss something. Something hits you but does no damage.
You barely miss something. Something hits you but does no damage.
You sock something! Something hits you but does no damage.
You miss something.
An orc wizard appears from thin air!
Reactivating autopickup.
The orc wizard casts a spell at you.
You are confused.
The orc wizard points at you and mumbles some strange words.
The puff of flame hits you!
Ouch! That really hurt!
* * * LOW HITPOINT WARNING * * *
You closely miss the orc wizard.
The orc wizard is severely wounded.
The orc wizard hits you but does no damage.
You closely miss the orc wizard.
The orc wizard is severely wounded.
The orc wizard hits you with a +0 dagger.
You die...

##......#
####.......#
#.....##.#.#
...........###.#.#
.##
..................
...
?.....#.##>###.#.#
.## #.....#.##.#
#.......#
#...@o..#
####.#### #.# #.#
#.# #### #.# ....
#.# .... #.# ....
####


You could see an orc wizard.

Vanquished Creatures
  A ribbon worm (D:2)
  A bat (D:1)
  An endoplasm (D:1)
  2 giant cockroaches
  3 goblins
  2 hobgoblins
  2 jackals (D:2)
  A ball python (D:1)
  A frilled lizard (D:1)
  A kobold (D:2)
  A rat (D:1)
16 creatures vanquished.

Notes
Turn   | Place    | Note
-------+----------+-------------------------------------------
     0 | D:1      | Tovical the Gargoyle Fighter began the quest for the Orb.
     0 | D:1      | Reached XP level 1. HP: 14/14 MP: 1/1
   167 | D:1      | Reached XP level 2. HP: 19/19 MP: 2/2
   566 | D:3      | Noticed Sigmund
   597 | D:2      | HP: 1/20 [orc wizard/puff of flame (11)]
   599 | D:2      | Slain by an orc wizard

Illustrated notes

Levels and vault maps discovered:
D:1:      spicycebolla_arrival_clurvy, layout_rooms
D:2:      layout_loops_cross
D:3:      layout_rooms, glass_columns_b, minmay_strange_pillars, uniq_ijyb,
          uniq_natasha, uniq_sigmund

Action                     || total
---------------------------++-------
  Melee: Flail             ||    85
    Use: Scroll            ||     4
         Potion            ||     1
 Armour: Scale mail        ||    70
  Dodge: Dodged            ||    33
  Block: Buckler           ||     9
